 Dungeon Crawl Stone Soup version 0.24-a0-201-gf205589 (webtiles) character file.

Game seed: 8473640819912953140

921 Inarius the Chopper (level 7, 0/81 HPs)
             Began as a Demonspawn Monk on Mar 19, 2019.
             Succumbed to an orc wizard's poison
             ... on level 4 of the Dungeon.
             The game lasted 00:10:25 (7042 turns).

Inarius the Chopper (Demonspawn Monk)               Turns: 7042, Time: 00:10:26

Health: 0/81       AC: 23    Str: 13    XL:     7   Next: 84%
Magic:  7/7        EV:  2    Int: 11    God:
Gold:   307        SH:  7    Dex: 16    Spells: 6/6 levels left

rFire    . . .     SeeInvis .   a - +1 hand axe
rCold    . . .     Gourm    .   b - +0 shield
rNeg     + + +     Faith    .   (armour currently unavailable)
rPois    +         Spirit   .   (helmet currently unavailable)
rElec    .         Reflect  .   (cloak currently unavailable)
rCorr    .         Harm     .   (gloves currently unavailable)
MR       .....     NoTele   +   (boots currently unavailable)
Stlth    ++........             (no amulet)
HPRegen  0.23/turn              (no ring)
MPRegen  0.10/turn              (no ring)

@: lethally poisoned (0 -> -4), tree-form, hasted, very quick
A: freezing cloud immunity
a: no special abilities


You were on level 4 of the Dungeon.
You were very hungry.
You were a tree.
You visited 1 branch of the dungeon, and saw 5 of its levels.

You collected 307 gold pieces.

Inventory:

Hand Weapons
 a - a +1 hand axe (weapon)
 o - a +1 short sword of venom
Armour
 b - a +0 shield (worn)
 f - a +1 helmet (melded)
 p - a +0 pair of gloves (melded)
 t - a cursed +0 pair of boots (melded)
 x - a +0 chain mail (melded)
Wands
 d - a wand of iceblast (8)
 u - a wand of paralysis (1)
 y - a wand of digging (5)
Scrolls
 i - 3 scrolls of amnesia {unknown}
 j - 2 scrolls of enchant weapon
 k - a scroll of identify
 l - a scroll of fear
 m - 3 scrolls of teleportation {unknown}
 q - a scroll of noise {unknown}
 r - 3 scrolls of remove curse
 w - a scroll of magic mapping {unknown}
 B - a scroll of silence {unknown}
Potions
 g - a potion of mutation
 h - 3 potions of brilliance
 n - 2 potions of agility
 s - a potion of lignification
 v - 4 potions of might
Comestibles
 c - 4 rations


   Skills:
 + Level 4.2 Fighting
 * Level 7.0 Axes
 + Level 3.0 Armour
 + Level 3.6 Dodging
 - Level 1.7 Stealth
 + Level 0.4 Shields


You had 6 spell levels left.
You didn't know any spells.
Your spell library contained the following spells:

 Spells                   Type           Power        Failure   Level  Hunger
 Animate Skeleton         Necr           N/A          93%         1    ##.....
 Apportation              Tloc           #.....       93%         1    ##.....
 Confusing Touch          Hex            #.....       93%         1    ##.....
 Summon Small Mammal      Summ           #...         93%         1    ##.....


Dungeon Overview and Level Annotations

Branches:
Dungeon (5/15)
 Temple: D:4-7

Altars:
Cheibriados
Hepliaklqana
Nemelex Xobeh


Innate Abilities, Weirdness & Mutations

((You have sharp toenails.))
((Your flesh is cold resistant. (rC+)))
You are immune to freezing clouds.
((Your movements are slightly less encumbered by armour. (ER -2)))


Message History

You feel sick.
* * * LOW HITPOINT WARNING * * *
You feel sick.
* * * LOW HITPOINT WARNING * * *
You feel sick.
* * * LOW HITPOINT WARNING * * *
You feel sick.
* * * LOW HITPOINT WARNING * * *
You feel sick.
* * * LOW HITPOINT WARNING * * *
You feel sick.
* * * LOW HITPOINT WARNING * * *
You feel sick.
* * * LOW HITPOINT WARNING * * *
You feel sick.
* * * LOW HITPOINT WARNING * * *
You feel sick.
* * * LOW HITPOINT WARNING * * *
You feel sick.
You die...

#....#.....#...........#...
#....#.....'...........#...
#....#.....#...........#...
#....#.....#############..)
##+####................!...#
#..........................#
#..........)...............#
#..........>...............#
#.........>♣[..............+
#........)...............).#
#..........................#
#..........................#
#......###'#...............#
########...#...............#
#.....#...#.........))....#
#.....#...#..........)....#
#.....#...#...............'


There were no monsters in sight!

Vanquished Creatures
  An ogre (D:5)
  A centaur (D:5)
  2 scorpions
  4 orc priests
  A jelly (D:4)
  A centaur skeleton (D:4)
  5 orc wizards
  3 worker ants (D:4)
  9 gnolls
  6 adders
  An ooze (D:1)
  8 worms
  3 dart slugs
  4 leopard geckos
  12 orcs
  5 giant cockroaches
  8 goblins
  7 hobgoblins
  7 jackals
  9 kobolds
  2 quokkas
  5 bats
  5 frilled lizards
  5 rats
114 creatures vanquished.

Notes
Turn   | Place    | Note
-------+----------+-------------------------------------------
     0 | D:1      | Inarius the Demonspawn Monk began the quest for the Orb.
     0 | D:1      | Reached XP level 1. HP: 18/18 MP: 1/1
   231 | D:1      | Reached skill level 3 in Axes
   234 | D:1      | Gained mutation: You have sharp toenails. [demonic
                  | ancestry]
   234 | D:1      | Reached XP level 2. HP: 24/24 MP: 2/2
  1114 | D:2      | Gained mutation: Your flesh is cold resistant. (rC+)
                  | [demonic ancestry]
  1114 | D:2      | Reached XP level 3. HP: 28/29 MP: 3/3
  1388 | D:2      | Reached XP level 4. HP: 21/35 MP: 4/4
  1694 | D:2      | Reached skill level 4 in Axes
  2176 | D:2      | Found a hazy altar of Hepliaklqana.
  2468 | D:3      | Reached skill level 1 in Armour
  2468 | D:3      | Gained mutation: You are immune to freezing clouds.
                  | [demonic ancestry]
  2468 | D:3      | Reached XP level 5. HP: 39/41 MP: 5/5
  3499 | D:4      | Reached skill level 5 in Axes
  3836 | D:4      | Gained mutation: Your movements are slightly less
                  | encumbered by armour. (ER -2) [demonic ancestry]
  3836 | D:4      | Reached XP level 6. HP: 15/48 MP: 6/6
  4133 | D:4      | HP: 2/48 [orc priest/divine providence (15)]
  4915 | D:5      | Entered Level 5 of the Dungeon
  5080 | D:4      | Reached XP level 7. HP: 15/54 MP: 7/7
  5313 | D:5      | Reached skill level 6 in Axes
  6320 | D:5      | Found a sparkling altar of Nemelex Xobeh.
  6330 | D:5      | Found a snail-covered altar of Cheibriados.
  7006 | D:4      | Reached skill level 7 in Axes
  7032 | D:4      | HP: 4/81 [poisoned by an orc wizard]
  7038 | D:4      | HP: 1/81 [poisoned by an orc wizard]
  7042 | D:4      | Succumbed to an orc wizard's poison

Levels and vault maps discovered:
D:1:      psy_arrival_radial02, layout_rooms, roderic_lattice_a,
          minmay_misc_feat_doors, skrybe_limestone_x
D:2:      layout_basic, lemuel_doored_altar, first_ration, minmay_tetromino_i2
D:3:      layout_loops_ring
D:4:      layout_gridville
D:5:      layout_loops_corners, nemelex_xobeh_ov_fountains_minmay,
          cheibriados_altar_1

Skill      XL: |  1  2  3  4  5  6  7 |
---------------+----------------------+-----
Axes           | 3 4 5 7 |  7.0
Dodging        | 3 |  3.6
Armour         | 1 2 3 |  3.0
Fighting       | 4 |  4.2
Stealth        | |  1.7
Shields        | |  0.4

Action                   |  1- 3 |  4- 6 |  7- 9 || total
-------------------------+-------+-------+-------++-------
Melee: Hand axe          |    81 |   247 |   128 ||   456
       Kick              |    20 |    26 |       ||    46
       Short sword       |    26 |    11 |       ||    37
Evoke: Wand              |       |       |     4 ||     4
  Use: Scroll            |     4 |     2 |     2 ||     8
       Potion            |       |     5 |     3 ||     8
 Stab: Sleeping          |     2 |     1 |       ||     3
  Eat: Chunk             |     2 |     7 |     6 ||    15
       Ration            |       |     1 |       ||     1
Armor: Ring mail         |    24 |    48 |       ||    72
       Robe              |    12 |       |       ||    12
       Chain mail        |       |    71 |    71 ||   142
Dodge: Dodged            |    77 |   163 |    28 ||   268
Block: Shield            |       |     6 |    34 ||    40

Table legend:
 A = Non-vault XP
 B = Vault XP
 C = Vault XP percentage of total XP
 D = Non-vault monster count
 E = Vault monster count
 F = Vault count percentage of total count
                 A         B        C        D         E       F
            +---------+---------+-------+---------+---------+-------
      Total |    1313 |       4 |   0.3 |     112 |       2 |   1.8
            +---------+---------+-------+---------+---------+-------
        D:1 |      35 |       0 |   0.0 |      19 |       0 |   0.0
        D:2 |     125 |       4 |   3.1 |      30 |       2 |   6.2
        D:3 |     151 |       0 |   0.0 |      27 |       0 |   0.0
        D:4 |     557 |       0 |   0.0 |      24 |       0 |   0.0
        D:5 |     445 |       0 |   0.0 |      12 |       0 |   0.0
            +---------+---------+-------+---------+---------+-------
